MLB
PITTSBURGH PIRATES @ MILWAUKEE BREWERS
05/05/2018
 
TOP OF THE 1ST
Pittsburgh Pirates batting - Pitching for Milwaukee Brewers : RHP Adam Wainwright
Pitching: RHP Adam Wainwright
Batting: LHB Brad Miller 0-0: Ground out 6-3 (Groundball, 6)
Batting: RHB Lorenzo Cain 0-0: Called Strike
0-1: Ball
1-1: Fly out, F9 (Flyball, 9S)
Batting: RHB Carlos Correa 0-0: Foul Ball, location: 2F
0-1: Swinging Strike
0-2: Foul Ball, location: 2F
0-2: Ball
1-2: DOUBLE (Line Drive, 8RXD)
Batting: LHB Jake Lamb 0-0: Ball
1-0: Foul Ball, location: 2F
1-1: 2-RUN HOME RUN (Flyball, 89XD), Distance : 396 ft
Batting: RHB Ryan Zimmerman 0-0: Called Strike
0-1: Ball
1-1: Foul Ball, location: 2F
1-2: Foul Ball, location: 2F
1-2: SINGLE (Groundball, 56D)
Batting: LHB Jay Bruce 0-0: Ball
1-0: Called Strike
1-1: Foul Ball, location: 2F
1-2: Ground out U3 (Groundball, 3)
Top of the 1st over - 2 runs, 3 hits, 0 errors, 1 left on base; Pittsburgh 2 - Milwaukee 0
BOTTOM OF THE 1ST
Milwaukee Brewers batting - Pitching for Pittsburgh Pirates : RHP Tyson Ross
Pitching: RHP Tyson Ross
Batting: RHB Tommy Pham 0-0: Swinging Strike
0-1: Ball
1-1: Ball
2-1: Swinging Strike
2-2: Ball
3-2: Base on Balls
Batting: RHB Aaron Judge 0-0: Swinging Strike
0-1: SINGLE (Groundball, 6MD)
Tommy Pham to second
Runner from 2nd tries for 3rd, SAFE, no throw
Batting: RHB Logan Forsythe 0-0: Ground out 6-3 (Groundball, 6S)
Tommy Pham scores
Aaron Judge to second
Batting: RHB Miguel Cabrera 0-0: Foul Ball, location: 2F
0-1: Ball
1-1: Ball
2-1: Swinging Strike
2-2: Ball
3-2: Fly out, F7 (Flyball, 7S)
Batting: RHB Eugenio Suarez 0-0: Ball
1-0: Ground out 6-3 (Groundball, 56)
Bottom of the 1st over - 1 run, 1 hit, 0 errors, 1 left on base; Pittsburgh 2 - Milwaukee 1
TOP OF THE 2ND
Pittsburgh Pirates batting - Pitching for Milwaukee Brewers : RHP Adam Wainwright
Batting: RHB Mark Canha 0-0: Called Strike
0-1: Called Strike
0-2: Ball
1-2: Fly out, F9 (Flyball, 9LM)
Batting: RHB Manny Pina 0-0: Called Strike
0-1: Ball
1-1: Foul Ball, location: 2F
1-2: Ball
2-2: Strikes out swinging
Batting: RHB Tyson Ross 0-0: Swinging Strike
0-1: Ground out 4-3 (Groundball, 4)
Top of the 2nd over - 0 runs, 0 hits, 0 errors, 0 left on base; Pittsburgh 2 - Milwaukee 1
BOTTOM OF THE 2ND
Milwaukee Brewers batting - Pitching for Pittsburgh Pirates : RHP Tyson Ross
Batting: LHB Seth Smith 0-0: Ball
1-0: Ball
2-0: Ball
3-0: Called Strike
3-1: Base on Balls
Batting: RHB Addison Russell 0-0: Grounds into double play, 4-6-3 (Groundball, 4MS)
Batting: RHB Adam Wainwright 0-0: Called Strike
0-1: Ground out 4-3 (Groundball, 4S)
Bottom of the 2nd over - 0 runs, 0 hits, 0 errors, 0 left on base; Pittsburgh 2 - Milwaukee 1
TOP OF THE 3RD
Pittsburgh Pirates batting - Pitching for Milwaukee Brewers : RHP Adam Wainwright
Batting: LHB Brad Miller 0-0: Bunt for hit - play at first, batter safe!
Batting: RHB Lorenzo Cain 0-0: Ball
1-0: Called Strike
1-1: Foul Ball, location: 2F
1-2: Strikes out looking
Batting: RHB Carlos Correa 0-0: Foul Ball, location: 2F
0-1: Ball
1-1: Swinging Strike
1-2: Ball
2-2: Ball
3-2: Base on Balls
Brad Miller to second
Batting: LHB Jake Lamb 0-0: Ball
1-0: Ball
2-0: Ball
3-0: Base on Balls
Brad Miller to third
Carlos Correa to second
Batting: RHB Ryan Zimmerman 0-0: Ball
1-0: Foul Ball, location: 2F
1-1: Swinging Strike
1-2: Ball
2-2: Grounds into double play, 6-4-3 (Groundball, 6MD)
Top of the 3rd over - 0 runs, 1 hit, 0 errors, 2 left on base; Pittsburgh 2 - Milwaukee 1
BOTTOM OF THE 3RD
Milwaukee Brewers batting - Pitching for Pittsburgh Pirates : RHP Tyson Ross
Batting: SHB Tucker Barnhart 0-0: Ball
1-0: DOUBLE (Line Drive, 8LD)
Batting: RHB Tommy Pham 0-0: Ground out 4-3 (Groundball, 4)
Tucker Barnhart to third
Batting: RHB Aaron Judge 0-0: Foul Ball, location: 2F
0-1: Foul Ball, location: 2F
0-2: SINGLE (Line Drive, 9S)
Tucker Barnhart scores
Batting: RHB Logan Forsythe 0-0: Ball
1-0: Foul Ball, location: 2F
1-1: Called Strike
1-2: Ball
2-2: Ball
3-2: SINGLE (Groundball, 6MD)
Aaron Judge to second
Aaron Judge to third
Batting: RHB Miguel Cabrera 0-0: Ball
1-0: Foul Ball, location: 2F
1-1: Ball
2-1: Foul Ball, location: 2F
2-2: Foul Ball, location: 2F
2-2: Ball
3-2: Ground out 4-3 (Groundball, 4M)
Aaron Judge scores
Logan Forsythe to second
Batting: RHB Eugenio Suarez 0-0: Called Strike
0-1: Ball
1-1: Foul Ball, location: 2F
1-2: Strikes out swinging
Bottom of the 3rd over - 2 runs, 3 hits, 0 errors, 1 left on base; Pittsburgh 2 - Milwaukee 3
TOP OF THE 4TH
Pittsburgh Pirates batting - Pitching for Milwaukee Brewers : RHP Adam Wainwright
Batting: LHB Jay Bruce 0-0: Fly out, F7 (Line Drive, 7)
Batting: RHB Mark Canha 0-0: Called Strike
0-1: Called Strike
0-2: Ball
1-2: Ball
2-2: Ground out 5-3 (Groundball, 56)
Batting: RHB Manny Pina 0-0: Ball
1-0: Called Strike
1-1: Swinging Strike
1-2: Fly out, F7 (Line Drive, 7)
Top of the 4th over - 0 runs, 0 hits, 0 errors, 0 left on base; Pittsburgh 2 - Milwaukee 3
BOTTOM OF THE 4TH
Milwaukee Brewers batting - Pitching for Pittsburgh Pirates : RHP Tyson Ross
Batting: LHB Seth Smith 0-0: Ball
1-0: Called Strike
1-1: Ball
2-1: Ball
3-1: Base on Balls
Batting: RHB Addison Russell 0-0: Foul Ball, location: 2F
0-1: Foul Ball, location: 2F
0-2: Ball
1-2: Ball
2-2: Foul Ball, location: 2F
2-2: Grounds out, U3 (Groundball, 3L)
Batting: RHB Adam Wainwright 0-0: Ground out U3 (Groundball, 34)
Seth Smith to third
Batting: SHB Tucker Barnhart 0-0: Foul Ball, location: 2F
0-1: Ball
1-1: Ball
2-1: Foul Ball, location: 2F
2-2: SINGLE (Groundball, 4D)
Seth Smith scores
Batting: RHB Tommy Pham 0-0: Ball
1-0: Called Strike
1-1: Ball
2-1: Ball
3-1: Base on Balls
Tucker Barnhart to second
Batting: RHB Aaron Judge 0-0: Ball
Passed Ball!
Tucker Barnhart to third
Tommy Pham to second
1-0: Ball
2-0: Foul Ball, location: 2F
2-1: Swinging Strike
2-2: Foul Ball, location: 2F
2-2: Strikes out looking
Bottom of the 4th over - 1 run, 1 hit, 0 errors, 2 left on base; Pittsburgh 2 - Milwaukee 4
TOP OF THE 5TH
Pittsburgh Pirates batting - Pitching for Milwaukee Brewers : RHP Adam Wainwright
Pinch Hitting: RHB Carlos Gomez 0-0: Fly out, F8 (Flyball, 89D)
Batting: LHB Brad Miller 0-0: Ball
1-0: Ground out U3 (Groundball, 34)
Batting: RHB Lorenzo Cain 0-0: Called Strike
0-1: Foul Ball, location: 2F
0-2: Ball
1-2: Fly out, F7 (Flyball, 7LMF)
Top of the 5th over - 0 runs, 0 hits, 0 errors, 0 left on base; Pittsburgh 2 - Milwaukee 4
BOTTOM OF THE 5TH
Milwaukee Brewers batting - Pitching for Pittsburgh Pirates : RHP Tyson Ross
Pitching: LHP Francisco Liriano
Batting: RHB Logan Forsythe 0-0: SOLO HOME RUN (Flyball, 78XD), Distance : 398 ft
Batting: RHB Miguel Cabrera 0-0: Ball
1-0: Swinging Strike
1-1: Ball
2-1: Ball
3-1: Called Strike
3-2: Foul Ball, location: 2F
3-2: Strikes out swinging
Batting: RHB Eugenio Suarez 0-0: Called Strike
0-1: SOLO HOME RUN (Flyball, 78XD), Distance : 380 ft
Batting: LHB Seth Smith 0-0: Foul Ball, location: 2F
0-1: Ball
1-1: Ball
2-1: Foul Ball, location: 2F
2-2: Ball
3-2: Base on Balls
Batting: RHB Addison Russell 0-0: Fly out, F8 (Line Drive, 8RD)
Batting: RHB Adam Wainwright 0-0: Ball
1-0: Foul Ball, location: 2F
1-1: Called Strike
1-2: Foul Ball, location: 2F
1-2: Ball
2-2: Fly out, F8 (Flyball, 8LS)
Bottom of the 5th over - 2 runs, 2 hits, 0 errors, 1 left on base; Pittsburgh 2 - Milwaukee 6
TOP OF THE 6TH
Pittsburgh Pirates batting - Pitching for Milwaukee Brewers : RHP Adam Wainwright
Batting: RHB Carlos Correa 0-0: SINGLE (Groundball, 34D)
Batting: LHB Jake Lamb 0-0: Foul Ball, location: 2F
0-1: Ball
1-1: SINGLE (Line Drive, 7S)
Carlos Correa to second
Batting: RHB Ryan Zimmerman 0-0: Ball
1-0: Ball
2-0: Called Strike
2-1: SINGLE (Groundball, 6) (infield hit)
Carlos Correa to third
Jake Lamb to second
Batting: LHB Jay Bruce 0-0: Ball
1-0: Foul Ball, location: 2F
1-1: Foul Ball, location: 2F
1-2: Ball
2-2: Grounds into double play, 4-6-3 (Groundball, 4)
Carlos Correa scores
Jake Lamb to third
Pitching: LHP Andrew Miller
Batting: RHB Mark Canha 0-0: Called Strike
0-1: Ball
1-1: Ball
2-1: Ball
3-1: Foul Ball, location: 2F
3-2: Foul Ball, location: 2F
3-2: Fly out, F8 (Flyball, 8RS)
Top of the 6th over - 1 run, 3 hits, 0 errors, 1 left on base; Pittsburgh 3 - Milwaukee 6
BOTTOM OF THE 6TH
Milwaukee Brewers batting - Pitching for Pittsburgh Pirates : LHP Francisco Liriano
Batting: SHB Tucker Barnhart 0-0: Ball
1-0: Foul Ball, location: 2F
1-1: Swinging Strike
1-2: Strikes out looking
Batting: RHB Tommy Pham 0-0: Ball
1-0: Called Strike
1-1: Ball
2-1: Foul Ball, location: 2F
2-2: Strikes out swinging
Batting: RHB Aaron Judge 0-0: Called Strike
0-1: Foul Ball, location: 2F
0-2: Ball
1-2: Ball
2-2: Foul Ball, location: 2F
2-2: Foul Ball, location: 2F
2-2: Foul Ball, location: 2F
2-2: Foul Ball, location: 2F
2-2: Ball
3-2: SOLO HOME RUN (Flyball, 7LD), Distance : 353 ft
Pitching: LHP Patrick Corbin
Batting: RHB Logan Forsythe 0-0: DOUBLE (Flyball, 8RXD)
Batting: RHB Miguel Cabrera 0-0: Ball
1-0: Called Strike
1-1: Ball
2-1: Ball
3-1: DOUBLE (Line Drive, 5D)
Logan Forsythe scores
Batting: RHB Eugenio Suarez 0-0: Ball
1-0: Ball
2-0: Swinging Strike
2-1: Fly out, F9 (Flyball, 9S)
Bottom of the 6th over - 2 runs, 3 hits, 0 errors, 1 left on base; Pittsburgh 3 - Milwaukee 8
TOP OF THE 7TH
Pittsburgh Pirates batting - Pitching for Milwaukee Brewers : LHP Andrew Miller
Batting: RHB Manny Pina 0-0: Ball
1-0: Foul Ball, location: 2F
1-1: Called Strike
1-2: Hit by Pitch
Pinch Hitting: RHB Matt Davidson 0-0: Swinging Strike
0-1: Foul Ball, location: 2F
0-2: Strikes out looking
Batting: LHB Brad Miller 0-0: Foul Ball, location: 2F
0-1: Hit by Pitch
Manny Pina to second
Batting: RHB Lorenzo Cain 0-0: Fly out, F7 (Flyball, 78D)
Batting: RHB Carlos Correa 0-0: Ball
1-0: Ball
2-0: Called Strike
2-1: Called Strike
2-2: Ball
3-2: Base on Balls
Manny Pina to third
Brad Miller to second
Batting: LHB Jake Lamb 0-0: Called Strike
0-1: Ground out 4-3 (Groundball, 4)
Top of the 7th over - 0 runs, 0 hits, 0 errors, 3 left on base; Pittsburgh 3 - Milwaukee 8
BOTTOM OF THE 7TH
Milwaukee Brewers batting - Pitching for Pittsburgh Pirates : LHP Patrick Corbin
Pitching: RHP Addison Reed
Batting: LHB Seth Smith 0-0: Called Strike
0-1: Called Strike
0-2: Ball
1-2: SINGLE (Line Drive, 6MD)
Batting: RHB Addison Russell 0-0: Swinging Strike
0-1: Swinging Strike
0-2: Strikes out swinging
Pinch Hitting: RHB Jabari Blash 0-0: Ball
1-0: Ball
2-0: Called Strike
2-1: Ball
3-1: Base on Balls
Seth Smith to second
Pitching: RHP Joe Kelly
Batting: SHB Tucker Barnhart 0-0: Called Strike
0-1: Ball
1-1: Ball
2-1: Foul Ball, location: 2F
2-2: Foul Ball, location: 2F
2-2: Ball
3-2: SINGLE (Line Drive, 56D)
Seth Smith to third
Jabari Blash to second
Batting: RHB Tommy Pham 0-0: Ball
1-0: Swinging Strike
1-1: Swinging Strike
1-2: Grounds into fielders choice 4-2 (Groundball, 4)
Jabari Blash to third
Tucker Barnhart to second
Batting: RHB Aaron Judge 0-0: Ball
1-0: Called Strike
1-1: Foul Ball, location: 2F
1-2: SINGLE (Line Drive, 78M)
Jabari Blash scores
Tucker Barnhart to third
Tommy Pham to second
Runner from 3rd tries for Home, SAFE, throw made home
Batting: RHB Logan Forsythe 0-0: Foul Ball, location: 2F
0-1: Ball
1-1: Foul Ball, location: 2F
1-2: Ground out 5-3 (Groundball, 56S)
Bottom of the 7th over - 2 runs, 3 hits, 0 errors, 2 left on base; Pittsburgh 3 - Milwaukee 10
TOP OF THE 8TH
Pittsburgh Pirates batting - Pitching for Milwaukee Brewers : LHP Andrew Miller
Pitching: RHP Nick Rumbelow
Batting: RHB Ryan Zimmerman 0-0: Ball
1-0: Ball
2-0: Called Strike
2-1: Swinging Strike
2-2: SINGLE (Line Drive, 78S)
Batting: LHB Jay Bruce 0-0: Called Strike
0-1: Ball
1-1: Foul Ball, location: 2F
1-2: Ball
2-2: Foul Ball, location: 2F
2-2: Ball
3-2: Foul Ball, location: 2F
3-2: DOUBLE (Line Drive, 9LS)
Ryan Zimmerman to third
Ryan Zimmerman scores
Batting: RHB Mark Canha 0-0: Called Strike
0-1: Swinging Strike
0-2: Ball
1-2: Strikes out swinging
Batting: RHB Manny Pina 0-0: Fly out, F7 (Flyball, 78D)
Pinch Hitting: RHB Renato Nunez 0-0: Fly out, F2 (Popup, 2LF)
Top of the 8th over - 1 run, 2 hits, 0 errors, 1 left on base; Pittsburgh 4 - Milwaukee 10
BOTTOM OF THE 8TH
Milwaukee Brewers batting - Pitching for Pittsburgh Pirates : RHP Joe Kelly
Pitching: RHP Ryan Pressly
Batting: RHB Miguel Cabrera 0-0: Ball
1-0: Called Strike
1-1: Called Strike
1-2: Strikes out swinging
Batting: RHB Eugenio Suarez 0-0: Ball
1-0: Swinging Strike
1-1: Ground out 5-3 (Groundball, 5)
Batting: LHB Seth Smith 0-0: Foul Ball, location: 2F
0-1: Ball
1-1: Ball
2-1: Called Strike
2-2: Ball
3-2: Foul Ball, location: 2F
3-2: Strikes out looking
Bottom of the 8th over - 0 runs, 0 hits, 0 errors, 0 left on base; Pittsburgh 4 - Milwaukee 10
TOP OF THE 9TH
Pittsburgh Pirates batting - Pitching for Milwaukee Brewers : RHP Nick Rumbelow
Batting: LHB Brad Miller 0-0: Ball
1-0: Ground out U3 (Groundball, 34)
Batting: RHB Lorenzo Cain 0-0: Called Strike
0-1: Called Strike
0-2: Strikes out swinging
Batting: RHB Carlos Correa 0-0: Called Strike
0-1: Ball
1-1: Ball
2-1: Foul Ball, location: 2F
2-2: Ball
3-2: Foul Ball, location: 2F
3-2: Base on Balls
Batting: LHB Jake Lamb 0-0: Called Strike
0-1: Ball
1-1: Ball
2-1: Ball
3-1: Base on Balls
Carlos Correa to second
Pitching: RHP Aaron Barrett
Batting: RHB Ryan Zimmerman 0-0: Swinging Strike
0-1: Foul Ball, location: 2F
0-2: Strikes out looking
Top of the 9th over - 0 runs, 0 hits, 0 errors, 2 left on base; Pittsburgh 4 - Milwaukee 10
Thursday, June 28th, 2018 - OOTP Baseball 19.6 Build 53